 Dungeon Crawl Stone Soup version 0.31.0 (webtiles) character file.

Game seed: 17057385886220416020

42 gelatine the Shooter (level 3, -2/28 HPs)
             Began as a Demonspawn Hunter on Jan 20, 2024.
             Shot with a sling bullet by a goblin (5 damage)
             ... led by Robin
             ... on level 2 of the Dungeon.
             The game lasted 00:01:14 (661 turns).

gelatine the Shooter (Demonspawn Hunter)             Turns: 661, Time: 00:01:15

Health: -2/28      AC:  5    Str: 11    XL:     3   Next: 35%
Magic:  3/3        EV: 12    Int:  9    God:
Gold:   30         SH:  0    Dex: 18    Spells: 2/2 levels left

rFire   . . .        a - +0 shortbow
rCold   . . .        (shield currently unavailable)
rNeg    . . .        c - +0 leather armour
rPois   .            (no helmet)
rElec   .            (no cloak)
rCorr   .            (no gloves)
SInv    .            (no boots)
Will    .....        (no amulet)
Stlth   ++           (no ring)
HPRegen 0.24/turn    (no ring)
MPRegen 0.08/turn

%: no passive effects
@: no status effects
A: thin metallic scales 1
a: no special abilities


You were on level 2 of the Dungeon.
You visited 1 branch of the dungeon, and saw 2 of its levels.

You collected 30 gold pieces.

Inventory:

Hand Weapons
 a - a +0 shortbow (weapon)
Armour
 c - a +0 leather armour (worn)
Scrolls
 b - a scroll of butterflies
 g - a scroll of revelation {unknown}
 h - a scroll of enchant armour {unknown}
 k - a scroll of fog {unknown}
Potions
 d - a potion of might {unknown}
 e - a potion of attraction {unknown}
 f - a potion of enlightenment {unknown}
 i - a potion of brilliance {unknown}
 j - 2 potions of magic {unknown}


   Skills:
 + Level 2.8 Fighting
 + Level 4.3 Ranged Weapons
 + Level 1.8 Dodging
 + Level 0.8 Stealth


You had 2 spell levels left.
You didn't know any spells.
Your spell library contained the following spells:

 Spells                   Type           Power      Damage    Failure   Level
 Mercury Vapours          Alch/Air       0%         N/A       63%         2
 Mephitic Cloud           Conj/Alch/Air  0%         N/A       85%         3
 Freezing Cloud           Conj/Ice/Air   0%         6-21      100%        5


Dungeon Overview and Level Annotations

Branches:
Dungeon (1/15)

Altars:

Annotations:
D:2 Robin


Innate Abilities, Weirdness & Mutations

You are partially covered in thin metallic scales. (AC +2)


Message History

The goblin shouts!
The arrow hits the endoplasm.
You kill the endoplasm!
A kobold comes into view. It is wielding a +0 dagger.
Robin roars a battlecry!
The goblins go into a battle-frenzy!
The goblin unwields a +2 sling of freezing.
The goblin wields a +0 club.
The goblin misses you.
The kobold shouts!
You hear a shout!
The goblin unwields a +0 club.
The goblin wields a +2 sling of freezing.
It is covered in frost.
The goblin shoots a sling bullet.
The sling bullet barely misses you.
You shoot an arrow. The arrow hits the goblin.
The goblin is heavily wounded.
Robin roars a battlecry!
A goblin comes into view. It is wielding a +0 dagger.
You hear a shout!
You shoot an arrow. The arrow hits the goblin.
You kill the goblin!
The goblin shoots a sling bullet.
The sling bullet hits you. The sling bullet freezes you.
A goblin comes into view. It is wielding a +0 club.
You shoot an arrow. The arrow hits Robin.
Robin is severely wounded.
Robin throws the goblin at you!
The goblin unwields a +0 sling.
The goblin wields a +0 dagger.
The goblin hits you with a +0 dagger.
The goblin shoots a sling bullet.
The sling bullet hits you! The sling bullet freezes you.
The goblin hits you with a +0 dagger.
* * * LOW HITPOINT WARNING * * *
The goblin shoots a sling bullet.
The sling bullet hits you.
* * * LOW HITPOINT WARNING * * *
The sling bullet freezes you.
* * * LOW HITPOINT WARNING * * *
The goblin closely misses you.
You are too injured to fight recklessly!
The goblin shoots a sling bullet.
The sling bullet misses you.
The goblin unwields a +0 dagger.
The goblin wields a +0 sling.
The goblin shoots a sling bullet.
The sling bullet hits you.
You die...

#.........##........
#####...........# .
#####...####...### .
##......## #.##.## ..
##..####.#####.....#
(..####..## #........##.#
...#....## ##..###..#
......### ###.†.# #.##
......## #...#@###.###.
#####..#####.###.#.......
##.##....#.g....##
#.##.####.#.#.## #.##.#
#.#g#g# #....# . #gK.#
#...##....###g.#
#.#....#### #g##
....##..# ..#


You could see Robin, 5 goblins and a kobold.

Vanquished Creatures
  2 adders (D:2)
  2 ball pythons (D:1)
  3 endoplasms
  A giant cockroach (D:1)
  5 goblins
  3 hobgoblins (D:2)
  2 jackals (D:1)
  A bat (D:1)
  2 kobolds (D:1)
21 creatures vanquished.

Notes
Turn   | Place    | Note
-------+----------+-------------------------------------------
     0 | D:1      | gelatine the Demonspawn Hunter began the quest for the Orb.
     0 | D:1      | Reached XP level 1. HP: 16/16 MP: 1/1
   280 | D:1      | Reached skill level 4 in Ranged Weapons
   315 | D:1      | Gained mutation: You are partially covered in thin metallic
                  | scales. (AC +2) [demonic ancestry]
   315 | D:1      | Reached XP level 2. HP: 22/22 MP: 2/2
   524 | D:1      | You fall into a shaft and drop 1 floor!
   603 | D:2      | Reached XP level 3. HP: 25/28 MP: 3/3
   646 | D:2      | Noticed Robin
   661 | D:2      | Shot with a sling bullet by a goblin

Illustrated notes

Levels and vault maps discovered:
D:1:      dpeg_arrival_simpleton_b, layout_loops_corners
D:2:      layout_rooms, uniq_robin, uniq_natasha

Skill      XL: |  1 |
---------------+----+-----
Ranged Weapons | 4 |  4.3
Fighting       | |  2.8
Dodging        | |  1.8
Stealth        | |  0.8

Action                     || total
---------------------------++-------
   Fire: Shortbow          ||    59
 Armour: Leather armour    ||    23
  Dodge: Dodged            ||    22
